 Dungeon Crawl Stone Soup version 0.24.0-2-g5b39cebb1c (webtiles) character file.

Game seed: 7032079481076779200, levelgen mode: deterministic

33 mopl the Chucker (level 3, -3/29 (32) HPs)
             Began as a Troll Arcane Marksman on Oct 29, 2019.
             Engulfed by a cloud of foul pestilence (9 damage)
             ... on level 2 of the Dungeon.
             The game lasted 00:01:55 (1054 turns).

mopl the Chucker (Troll Arcane Marksman)            Turns: 1054, Time: 00:01:55

HP:   -3/29 (32)    AC:  6    Str: 18    XL:     3   Next: 12%
MP:   3/3           EV: 10    Int:  9    God:
Gold: 61            SH:  0    Dex: 11    Spells: 3/4 levels left

rFire    + . .     SeeInvis .     - Unarmed
rCold    + . .     Gourm    +   (no shield)
rNeg     . . .     Faith    .   a - +0 robe
rPois    +         Spirit   .   (helmet restricted)
rElec    +         Reflect  .   (no cloak)
rCorr    +         Harm     .   (gloves unavailable)
MR       .....                  (boots unavailable)
Stlth    +.........             (no amulet)
HPRegen  0.49/turn              (no ring)
MPRegen  0.08/turn              (no ring)

@: lethally poisoned (-3 -> -37), resistant, slowed, very slow
A: large, unfitting armour, claws 3, fast metabolism 3, gourmand, regeneration
1, shaggy fur 1, tough skin 3
a: no special abilities


You were on level 2 of the Dungeon.
You were completely stuffed.

You visited 1 branch of the dungeon, and saw 2 of its levels.

You collected 61 gold pieces.

Inventory:

Missiles
 c - 4 large rocks (quivered)
 d - 2 throwing nets
 e - 52 stones
 p - 4 javelins
Armour
 a - a +0 robe (worn)
Jewellery
 k - an uncursed ring of fire
Scrolls
 b - 4 scrolls of identify {unknown}
 g - a scroll of fear {unknown}
 l - a scroll of amnesia {unknown}
 o - a scroll of enchant armour {unknown}
Potions
 h - a potion of resistance
 i - a potion of heal wounds {unknown}
 m - a potion of might {unknown}
 n - a potion of curing {unknown}
 q - 2 potions of brilliance {unknown}
 r - 2 potions of magic {unknown}
Comestibles
 f - 3 rations
 j - 2 chunks of flesh


   Skills:
 - Level 0.7 Fighting
 + Level 2.3 Throwing
 - Level 1.5 Dodging
 * Level 2.2 Unarmed Combat
 - Level 1.0 Spellcasting
 - Level 2.0 Hexes


You had 3 spell levels left.
You knew the following spells:

 Your Spells              Type           Power        Failure   Level  Hunger
a - Corona                Hex            #......      16%         1    ##.....

Your spell library contained the following spells:

 Spells                   Type           Power        Failure   Level  Hunger
 Slow                     Hex            #.......     24%         2    ###....
 Inner Flame              Hex/Fire       #.......     58%         3    ####...
 Portal Projectile        Hex/Tloc       #.....       58%         3    ####...
 Cause Fear               Hex            #.........   85%         4    #####..
 Leda's Liquefaction      Hex/Erth       #.........   94%         4    #####..


Dungeon Overview and Level Annotations

Branches:
Dungeon (2/15)

Altars:
Kikubaaqudgha


Innate Abilities, Weirdness & Mutations

You are too large for most types of armour.
You have claws for hands.
Your metabolism is lightning-fast.
You like to eat raw meat.
Your natural rate of healing is unusually fast.
You are covered in fur. (AC +1)
You have extremely tough skin. (AC +3)


Message History

Some of the chunks of flesh in your inventory have rotted away.
You scratch the howler monkey skeleton.
The howler monkey skeleton is lightly damaged.
You are engulfed in dark miasma.
You are lethally poisoned!
You feel your flesh rotting away!
You feel very sick. The howler monkey skeleton misses you.
The rat skeleton barely misses you.
Unknown command.
You scratch the rat skeleton.
The rat skeleton is heavily damaged.
You are engulfed in dark miasma.
You are more poisoned.
You feel your flesh rotting away!
* * * LOW HITPOINT WARNING * * *
You feel very sick.
The howler monkey skeleton barely misses you.
The rat skeleton closely misses you.
It was a potion of resistance.
You feel protected.
You are engulfed in dark miasma.
You die...

#.###...##
#.##.###.#########
.....# #...>.....#
#.##.###.#######.#
#.##..........##.#######
#.##.########..........#
#.##...........#.#####.
#.##..########.#Z#
#.........# #.#@#
####...##.# #.#Z#
#...##.# #..w.
#####.###.# #..###
..........# #..#
.####.##### #.. .# #.#
#.. .# #.# #.. .# #.#


You could see a dart slug, a rat skeleton and a howler monkey skeleton.

Vanquished Creatures
  A worm (D:2)
  2 dart slugs (D:1)
  A bat (D:2)
  A giant cockroach (D:1)
  2 goblins
  4 hobgoblins (D:1)
  2 frilled lizards
  7 kobolds
  8 rats
28 creatures vanquished.

Notes
Turn   | Place    | Note
-------+----------+-------------------------------------------
     0 | D:1      | mopl the Troll Arcane Marksman began the quest for the Orb.
     0 | D:1      | Reached XP level 1. HP: 18/18 MP: 1/1
   212 | D:1      | Reached skill level 1 in Unarmed Combat
   221 | D:1      | Reached XP level 2. HP: 24/26 MP: 2/2
   858 | D:2      | Found an ancient bone altar of Kikubaaqudgha.
   926 | D:2      | Became a worshipper of Kikubaaqudgha
   927 | D:2      | Fell from the grace of Kikubaaqudgha
   993 | D:2      | Reached XP level 3. HP: 18/32 MP: 3/3
  1054 | D:2      | Engulfed by a cloud of foul pestilence

Levels and vault maps discovered:
D:1:      nicolae_arrival_somewhat_less_tricky_arrival, layout_basic,
          bh_walls_and_bars
D:2:      layout_loops_ring, lemuel_doored_altar,
          grunt_dithmenos_smoke_and_mirrors

Skill      XL: |  1  2 |
---------------+-------+-----
Throwing       | 2 |  2.3
Unarmed Combat | 1 2 |  2.2
Fighting       | |  0.7
Dodging        | |  1.5
Spellcasting   | |  1.0
Hexes          | |  2.0

Action                   || total
-------------------------++-------
Melee: Unarmed           ||    92
Invok: Renounce Religion ||     1
  Use: Potion            ||     1
 Stab: Sleeping          ||     1
  Eat: Chunk             ||    15
Armor: Robe              ||    26
Dodge: Dodged            ||    48
